 Dungeon Sprint DCSS version 0.29-a0-819-g94b489e0ae (webtiles) character file.

Game seed: 15639525306418525098

5070 mhtbhm the Grappler (level 10, -6/74 HPs)
             Began as an Octopode Transmuter on July 6, 2022.
             Was an Initiate of Gozag.
             Mangled by a deep troll (15 damage)
             ... in the Dungeon (Sprint I: "Red Sonja") on July 7, 2022.
             The game lasted 00:07:04 (2501 turns).

mhtbhm the Grappler (Octopode Transmuter)           Turns: 2501, Time: 00:07:04

Health: -6/74      AC:  9    Str: 19    XL:     10   Next: 56%
Magic:  19/24      EV: 18    Int: 16    God:    Gozag
Gold:   311        SH:  0    Dex: 18    Spells: 20/30 levels left

rFire   x . .      SeeInvis .     - Unarmed
rCold   + + +      Faith    .   (shield currently unavailable)
rNeg    . . .      Spirit   .   (helmet currently unavailable)
rPois   +          Reflect  .   g - amulet of Inoisalo {Acrobat Str+5}
rElec   .          Harm     .   j - ring "Piceoc" {rPois Will+ Dex+6}
rCorr   .          Rampage  .   k - +4 ring of evasion
Will    +....      NoTele   +   (no ring)
Stlth   ++++......              (no ring)
HPRegen 0.22/turn               (no ring)
MPRegen 0.19/turn               (no ring)
                                (no ring)
                                (no ring)

@: ice-form, wereblooded
A: freezing attack, boosted hp, almost no armour, amphibious, 8 rings, large,
(camouflage 1), (gelatinous body 1), (nimble swimmer 1), (tentacles)
a: End Transformation, Renounce Religion, Potion Petition, Call Merchant, Bribe
Branch


You were in the Dungeon.
You worshipped Gozag.
Gozag was aware of your devotion.
You were a creature of crystalline ice.
You visited 1 branch You collected 3546 gold pieces.
You spent 1404 gold pieces at shops.
You paid 1831 gold pieces to Gozag.

Inventory:

Missiles
 i - 5 curare-tipped darts
 l - 5 poisoned darts
Jewellery
 g - the amulet of Inoisalo (around neck) {Acrobat Str+5}
   (You bought it in a shop in the Dungeon)

   [amulet of the acrobat]

   It increases your evasion while moving and waiting.
   Str:       It affects your strength (+5).
 j - the ring "Piceoc" (left front paw) {rPois Will+ Dex+6}
   (You bought it in a shop in the Dungeon)

   [ring of dexterity]

   Dex:       It affects your dexterity (+6).
   rPois:     It protects you from poison.
   Will:      It increases your willpower.
 k - a +4 ring of evasion (right front paw)
Wands
 a - a wand of iceblast (12)
 c - a wand of flame (6)
 f - a wand of polymorph (2)
Scrolls
 d - a scroll of immolation {unknown}
 h - a scroll of silence {unknown}
Potions
 e - 2 potions of magic


   Skills:
 + Level 2.8 Fighting
 + Level 7.8 Dodging
 + Level 7.8 Stealth
 + Level 14.9 Unarmed Combat
 + Level 10.7 Spellcasting
 + Level 11.1 Transmutations
 + Level 5.9 Ice Magic
 + Level 5.1 Evocations


You had 20 spell levels left.
You knew the following spells:

 Your Spells              Type           Power      Damage    Failure   Level
a - Beastly Appendage     Tmut           88%        N/A       1%          1
b - Wereblood             Tmut           44%        N/A       1%          2
c - Spider Form           Tmut/Pois      26%        N/A       2%          3
d - Ice Form              Ice/Tmut       35%        N/A       2%          4

Your spell library contained the following spells:

 Spells                   Type           Power      Damage    Failure   Level


Dungeon Overview and Level Annotations

Branches:
Dungeon (1/1)

Altars:
Cheibriados
Dithmenos
Elyvilon
Fedhas
Gozag
Hepliaklqana
Kikubaaqudgha
Makhleb
Nemelex Xobeh
Okawaru
Qazlal
Ru
Sif Muna
Trog
Uskayaw
Vehumet
Wu Jian
Xom
Yredelemnul
Zin
The Shining One
Jiyva
Lugonu

Shops:
D ([*([[=*=[=[*:?[!?


Innate Abilities, Weirdness & Mutations

You are a creature of crystalline ice.
You have a powerful freezing melee attack.
Your maximum health is increased.
Your armour is entirely melded.
You are incapable of wielding weapons or throwing items.
You cannot wear most types of armour.
You are amphibious.
You can wear up to eight rings at the same time.
((Your skin changes colour to match your surroundings (Stealth+).))
((Your rubbery body absorbs attacks. (AC +1, EV +1)))
((You are camouflaged when in or above water. (Stealth+)))
((You have tentacles for arms and can constrict up to eight enemies at once.))


Message History

A deep troll comes into view.
The deep troll shouts!
Found 54 gold pieces.
Unknown command.
You pummel the deep troll!! You freeze the deep troll.
The deep troll is heavily wounded.
The deep troll bites you! The deep troll claws you!
The deep troll closely misses you.
You hit the deep troll but do no damage.
The deep troll is heavily wounded.
You barely miss the deep troll.
The deep troll is heavily wounded.
The deep troll bites you! The deep troll barely misses you.
The deep troll claws you!
Okay, then.
You need at least 400 gold to purchase potions right now!
Unknown command.
You hit the deep troll but do no damage.
The deep troll is heavily wounded.
The deep troll bites you but does no damage.
The deep troll claws you.
* * * LOW HITPOINT WARNING * * *
The deep troll claws you!
* * * LOW HITPOINT WARNING * * *
Okay, then.
You feel better. The deep troll barely misses you.
The deep troll claws you but does no damage.
The deep troll claws you.
* * * LOW HITPOINT WARNING * * *
Unknown command.
You feel better. The deep troll bites you.
* * * LOW HITPOINT WARNING * * *
The deep troll barely misses you. The deep troll claws you!
* * * LOW HITPOINT WARNING * * *
Unknown command.
You pummel the deep troll!! You freeze the deep troll.
The deep troll is almost dead.
The deep troll bites you!
You die...
Your body crumbles into a pile of gold.

<.#.['..#.)'..#__#..'...#$$
$$
..'..#..'..#..'..'..#)..# $
.)#####'#####'#__####...+ $
..####..#...#.####§.##### $
$ ..#__####..##.#§≈§§§#..#
$ ..#_____##'#_.'§≈§§.'.§#
$ ⌠⌠#_.∩...'..._#≈≈≈§§#..#
$
###_..__##_.#'##'#####'###
$$#_____###'#(#[Y..# #.'.#
###########)####T###$###.#
∩........'...+$$.$$ $ #.# $
##++++####...###########.#
$$ $ ###.###.......##§#


$$$$ #.#'#.#....§§.§'§# $$$$ #.....#'''######§#$ $$$$ #.[...#......§§#.# $$$
#######.....§§#'.#$ You could see a deep troll.

Vanquished Creatures
  2 centaur warriors (D)
  Sonja (D)
  An oklob plant (D)
  2 unseen horrors (D)
  2 kobold demonologists (D)
  A slime creature (D)
  A hornet (D)
  Sigmund (D)
  A yak (D)
  2 redbacks (D)
  2 floating eyes (D)
  An ogre (D)
  7 necrophages (D)
  8 jellies (D)
  Ijyb (D)
  A ballistomycete spore (D)
34 creatures vanquished.

Vanquished Creatures (others)
  A ballistomycete spore (D)
1 creature vanquished.

Grand Total: 35 creatures vanquished

Notes
Turn   | Place    | Note
-------+----------+-------------------------------------------
     0 | D        | mhtbhm the Octopode Transmuter began the quest for the Orb.
     0 | D        | Reached XP level 1. HP: 13/13 MP: 3/3
     3 | D        | Noticed Ijyb
    12 | D        | Killed Ijyb
    13 | D        | Reached skill level 5 in Unarmed Combat
    13 | D        | Reached XP level 2. HP: 18/18 MP: 2/5
    13 | D        | Reached XP level 3. HP: 23/23 MP: 2/7
   171 | D        | Noticed an ogre
   183 | D        | Killed an ogre
   184 | D        | Reached skill level 7 in Unarmed Combat
   184 | D        | Reached XP level 4. HP: 6/28 MP: 6/9
   189 | D        | Learned a level 2 spell: Wereblood
   193 | D        | Learned a level 3 spell: Spider Form
   198 | D        | Learned a level 4 spell: Ice Form
   624 | D        | Noticed Sigmund
   629 | D        | Killed Sigmund
   630 | D        | Reached skill level 5 in Dodging
   630 | D        | Reached skill level 9 in Unarmed Combat
   630 | D        | Reached skill level 5 in Spellcasting
   630 | D        | Reached skill level 5 in Transmutations
   630 | D        | Reached skill level 1 in Ice Magic
   630 | D        | Reached skill level 1 in Evocations
   630 | D        | Reached XP level 5. HP: 24/33 MP: 3/12
   630 | D        | Reached XP level 6. HP: 28/38 MP: 3/13
   849 | D        | Found an ornate altar of the Wu Jian Council.
   849 | D        | Found a shimmering blue altar of Sif Muna.
  1015 | D        | Found a radiant altar of Vehumet.
  1022 | D        | Found Toizuev's Antique Armour Emporium.
  1022 | D        | Found an ancient bone altar of Kikubaaqudgha.
  1022 | D        | Found a hazy altar of Hepliaklqana.
  1022 | D        | Found a stormy altar of Qazlal.
  1022 | D        | Found a hide-covered altar of Uskayaw.
  1022 | D        | Found a blossoming altar of Fedhas.
  1022 | D        | Found a bloodstained altar of Trog.
  1022 | D        | Found an iron altar of Okawaru.
  1022 | D        | Found a basalt altar of Yredelemnul.
  1022 | D        | Found a glowing golden altar of the Shining One.
  1022 | D        | Found a snail-covered altar of Cheibriados.
  1022 | D        | Found a sacrificial altar of Ru.
  1022 | D        | Found a glowing silver altar of Zin.
  1022 | D        | Found a shadowy altar of Dithmenos.
  1022 | D        | Found a white marble altar of Elyvilon.
  1022 | D        | Noticed a yak
  1031 | D        | Killed a yak
  1032 | D        | Reached skill level 10 in Unarmed Combat
  1032 | D        | Found an opulent altar of Gozag.
  1033 | D        | Found a sparkling altar of Nemelex Xobeh.
  1040 | D        | Became a worshipper of Gozag Ym Sagoz the Greedy
  1226 | D        | Noticed Sonja
  1229 | D        | Killed Sonja
  1230 | D        | Reached skill level 1 in Stealth
  1230 | D        | Reached skill level 11 in Unarmed Combat
  1230 | D        | Reached XP level 7. HP: 40/43 MP: 10/17
  1230 | D        | Reached XP level 8. HP: 45/48 MP: 10/18
  1294 | D        | Found Xuala's Antique Weapon Boutique.
  1363 | D        | Found a burning altar of Makhleb.
  1363 | D        | Found a viscous altar of Jiyva.
  1363 | D        | Found a shimmering altar of Xom.
  1363 | D        | Found a corrupted altar of Lugonu.
  1363 | D        | Noticed a slime creature
  1368 | D        | Killed a slime creature
  1377 | D        | Noticed a kobold demonologist
  1378 | D        | Noticed a kobold demonologist
  1380 | D        | Reached skill level 12 in Unarmed Combat
  1383 | D        | Noticed an ice devil
  1383 | D        | Killed a kobold demonologist
  1387 | D        | Killed a kobold demonologist
  1388 | D        | Reached XP level 9. HP: 53/53 MP: 16/21
  1432 | D        | Noticed a centaur warrior
  1432 | D        | Noticed a centaur warrior
  1438 | D        | Killed a centaur warrior
  1439 | D        | Reached skill level 13 in Unarmed Combat
  1444 | D        | Killed a centaur warrior
  1445 | D        | Reached skill level 5 in Stealth
  1445 | D        | Reached skill level 10 in Transmutations
  1445 | D        | Reached skill level 5 in Ice Magic
  1649 | D        | Noticed a hornet
  1656 | D        | Killed a hornet
  1661 | D        | Noticed an oklob plant
  1665 | D        | Killed an oklob plant
  1666 | D        | Reached skill level 14 in Unarmed Combat
  1666 | D        | Reached skill level 10 in Spellcasting
  1666 | D        | Reached XP level 10. HP: 53/60 MP: 18/24
  1678 | D        | Reached skill level 5 in Evocations
  1681 | D        | HP: 2/72 [poisoned by a redback]
  1975 | D        | Killed an unseen horror
  1982 | D        | Killed an unseen horror
  2350 | D        | Identified the +7 quarterstaff of Ciodinot {freeze, *Noise
                  | Will+ Str+9 Dex+2}
  2406 | D        | Found Odurazur's Weapon Shoppe.
  2406 | D        | Found Agikhleq's General Store.
  2406 | D        | Found Coklar's Armour Boutique.
  2408 | D        | Found Ileqel's Armour Emporium.
  2408 | D        | Found Mioned's Assorted Antiques.
  2408 | D        | Found Qifosoog's Jewellery Shoppe.
  2408 | D        | Found Afumm's Armour Boutique.
  2408 | D        | Found Duzxepp's Jewellery Emporium.
  2408 | D        | Found Bunuubae's Antique Armour Shop.
  2408 | D        | Found Ucso's General Store.
  2410 | D        | Found Ezxoluso's Magic Scroll Boutique.
  2411 | D        | Found Xipreocw's Distillery.
  2411 | D        | Found Lunt's Antique Armour Boutique.
  2412 | D        | Found Xoh Ama's Magic Scroll Emporium.
  2435 | D        | Bought the amulet of Inoisalo {Acrobat Str+5} for 665 gold
                  | pieces
  2435 | D        | Bought the ring "Piceoc" {rPois Will+ Dex+6} for 739 gold
                  | pieces
  2494 | D        | Noticed a deep troll
  2501 | D        | Mangled by a deep troll

Illustrated notes

Levels and vault maps discovered:
D:        dungeon_sprint_1 [red_sonja_temple_1, red_sonja_temple_small_1]

Skill      XL: |  1  2  3  4  5  6  7  8  9 10 |
---------------+-------------------------------+-----
Unarmed Combat | 5 7 9 11 12 14 | 14.9
Dodging        | 4 5 6 7 |  7.8
Spellcasting   | 3 5 7 8 10 | 10.7
Transmutations | 4 5 8 9 10 11 | 11.1
Ice Magic      | 1 3 4 5 |  5.9
Evocations     | 1 3 4 5 |  5.1
Stealth        | 1 4 6 7 |  7.8
Fighting       | 2 |  2.8

Action                   |  1- 3 |  4- 6 |  7- 9 | 10-12 || total
-------------------------+-------+-------+-------+-------++-------
Melee: Unarmed           |     7 |    15 |    25 |    49 ||    96
 Cast: Beastly Appendage |     1 |       |       |       ||     1
       Ice Form          |       |     3 |     3 |     3 ||     9
       Wereblood         |       |     3 |     3 |     3 ||     9
Invok: Call Merchant     |       |       |     1 |     1 ||     2
       Potion Petition   |       |       |       |     1 ||     1
Evoke: Wand              |     3 |     3 |       |       ||     6
  Use: Potion            |     2 |       |     1 |     5 ||     8
       Scroll            |       |       |     1 |       ||     1
 Stab: Sleeping          |       |       |     3 |       ||     3
       Invisible         |       |       |       |     1 ||     1
Armor: Skin              |     4 |       |    11 |    16 ||    31
Dodge: Dodged            |     1 |     6 |    10 |    23 ||    40

Table legend: (Time is in decaauts)
 A = Elapsed time spent in this place.
 B = Non-inter-level travel time spent in this place.
 C = Inter-level travel time spent in this place.
 D = Time resting spent in this place.
 E = Time spent auto-exploring this place.
 F = Levels seen in this place.
 G = Mean time per level.
                   A        B        C        D        E       F      G
               +--------+--------+--------+--------+--------+-----+--------+
         Total |   2460 |   2460 |      0 |   1829 |      0 |   1 | 2460.0 |
       Dungeon |   2460 |   2460 |      0 |   1829 |      0 |   1 | 2460.0 |
               +--------+--------+--------+--------+--------+-----+--------+

Top non-repeatable levels by time:
       D: 2460 daAuts
